 Dungeon Crawl Stone Soup version 0.27-a0-237-g52650a7530 (webtiles) character file.

Game seed: 2270728712242641344

22268 KristoblXynda the Carver (level 12, -2/106 HPs)
             Began as a Red Draconian Gladiator on Feb 2, 2021.
             Was a Follower of Ashenzari.
             Slain by a white ugly thing (17 damage)
             ... on level 12 of the Dungeon.
             The game lasted 00:24:18 (17803 turns).

KristoblXynda the Carver (Red Draconian Gladiator) Turns: 17803, Time: 00:24:19

Health: -2/106     AC: 12    Str: 18    XL:     12   Next: 61%
Magic:  12/12      EV: 25    Int: 12    God:    Ashenzari [*.....]
Gold:   809        SH:  5    Dex: 19    Spells: 9/11 levels left

rFire    + . .     SeeInvis .   o - +3 scimitar
rCold    . . .     Faith    .   (no shield)
rNeg     . . .     Spirit   .   (armour unavailable)
rPois    .         Reflect  +   b - +0 hat
rElec    .         Harm     .   r - +0 cloak
rCorr    .         Rampage  .   A - +1 pair of gloves (curse)
Will     .....                  v - +0 pair of boots
Stlth    ++........             G - amulet of reflection (curse)
HPRegen  0.27/turn              n - +4 ring of evasion
MPRegen  0.13/turn              s - +6 ring of dexterity

@: short of breath
A: breathe fire, unfitting armour, fire resistance 1, cold-blooded, AC +8
a: Breathe Fire, Renounce Religion, Curse Item, Scrying


You were on level 12 of the Dungeon.
You worshipped Ashenzari.
Ashenzari was aware of your devotion.
You visited 2 branches of the dungeon, and saw 14 of its levels.

You collected 981 gold pieces.
You spent 172 gold pieces at shops.

Inventory:

Hand Weapons
 o - a +3 scimitar (weapon)
Missiles
 c - 5 throwing nets (quivered)
Armour
 b - a +0 hat (worn)
 p - a scarf of invisibility
 r - a +0 cloak (worn)
 v - a +0 pair of boots (worn)
 A - a cursed +1 pair of gloves (worn)
Jewellery
 a - an uncursed ring of willpower
 m - an uncursed ring of magical power
 n - a +4 ring of evasion (left hand)
 s - a +6 ring of dexterity (right hand)
 y - an uncursed ring of wizardry
 G - a cursed amulet of reflection (around neck)
 I - a +6 ring of intelligence
Wands
 z - a wand of acid (8)
 B - a wand of digging (4)
 F - a wand of iceblast (8)
Scrolls
 d - 6 scrolls of remove curse
 e - a scroll of enchant weapon
 f - 4 scrolls of amnesia
 j - 6 scrolls of fog
 k - 2 scrolls of fear
 l - 3 scrolls of identify
 q - 2 scrolls of magic mapping
 t - 6 scrolls of teleportation
Potions
 g - 5 potions of flight
 h - 8 potions of curing
 i - a potion of ambrosia
 u - 4 potions of mutation
 x - a potion of lignification
 C - 2 potions of attraction
 H - a potion of resistance
Miscellaneous
 w - a box of beasts (inert)


   Skills:
 - Level 10.2 Fighting
 + Level 12.7 Long Blades
 - Level 2.0 Throwing
 + Level 10.2 Dodging
 + Level 5.4 Transmutations
 + Level 8.4 Evocations


You had 9 spell levels left.
You knew the following spells:

 Your Spells              Type           Power        Failure   Level
a - Wereblood             Tmut           13%          5%          2

Your spell library contained the following spells:

 Spells                   Type           Power        Failure   Level
 Beastly Appendage        Tmut           26%          3%          1
 Animate Skeleton         Necr           0%           32%         1
 Pain                     Necr           0%           32%         1
 Summon Small Mammal      Summ           0%           32%         1
 Spider Form              Tmut/Pois      3%           32%         3
 Call Imp                 Summ           0%           45%         2
 Call Canine Familiar     Summ           0%           69%         3
 Confusing Touch          Hex            0%           69%         3
 Gell's Gravitas          Tloc           0%           69%         3
 Summon Guardian Golem    Hex/Summ       0%           69%         3
 Vampiric Draining        Necr           0%           69%         3
 Blade Hands              Tmut           6%           69%         5
 Ice Form                 Ice/Tmut       6%           73%         4
 Petrify                  Tmut/Erth      6%           73%         4
 Animate Dead             Necr           0%           97%         4
 Summon Ice Beast         Ice/Summ       0%           97%         4
 Summon Lightning Spire   Summ/Air       0%           97%         4
 Yara's Violent Unravell  Hex/Tmut       3%           97%         5
 Agony                    Necr           0%           100%        5
 Metabolic Englaciation   Hex/Ice        0%           100%        5


Dungeon Overview and Level Annotations

Branches:
Dungeon (13/15) Temple (1/1) D:7 Lair (0/6) D:10 Orc (0/2) D:11 Vaults (0/5) D:12 D:13

Altars:
Ashenzari
Cheibriados
Dithmenos
Elyvilon
Fedhas
Gozag
Hepliaklqana
Kikubaaqudgha
Makhleb
Nemelex Xobeh
Okawaru
Qazlal
Ru
Sif Muna
Trog
Uskayaw
Vehumet
Wu Jian
Xom
Yredelemnul
Zin
The Shining One

Shops:
D:7 [   D:10 !   D:12 (}=

Annotations:
D:7 2 transporters, anet's ghost, amateur GnDe
D:13 Rupert


Innate Abilities, Weirdness & Mutations

You can breathe blasts of fire.
Your fiery red scales are hard. (AC +8)
You cannot fit into any form of body armour.
Your flesh is heat resistant. (rF+)
You are cold-blooded and may be slowed by cold attacks.


Message History

You riposte.
You slash the centaur warrior skeleton!
The centaur warrior skeleton is lightly damaged.
The centaur warrior shoots an arrow.
The arrow hits you! The white ugly thing bites you!
The white ugly thing freezes you!!
* * * LOW HITPOINT WARNING * * *
You hear a shout!
You climb upwards.
There is a stone staircase leading down here.
Press: ? - help, Shift-Dir - straight line, f - white ugly thing
Aim: a white ugly thing (lightly wounded)
You breathe a blast of fire.
The fiery breath hits the white ugly thing!
The white ugly thing is heavily wounded.
You block the troll's attack. The troll misses you.
The troll closely misses you.
The white ugly thing is engulfed in blazing flames.
The white ugly thing bites you.
* * * LOW HITPOINT WARNING * * *
The white ugly thing freezes you!
You die...

#.#....#.# ..###..#.#
#####..#.# .......#.#
.....#.#.#
.....#.#.############
.....#.#............#
.....#.#............#
.....'.'.......u@T..#
.....#.#............#
##..........#########
#..........#
##.........#
#.........#
#.........#
#.........#
#.........#


You could see a white ugly thing and a troll.

Vanquished Creatures
  A centaur warrior (D:12)
  A two-headed ogre (D:12)
  3 deep trolls (D:10)
  2 unseen horrors (D:12)
  Pikel (D:4)
  A deep elf pyromancer (D:12)
  2 ugly things (D:11)
  An orc knight (D:12)
  2 cyclopes
  A manticore (D:12)
  Joseph (D:9)
  3 gargoyles
  Psyche (D:12)
  8 trolls
  A vampire (D:12)
  12 yaks
  2 shadows
  A steam dragon (D:12)
  14 humans (D:12)
  4 vampire mosquitoes (D:12)
  4 wargs
  A water moccasin (D:5)
  An acid dragon (D:13)
  4 sky beasts
  6 orc warriors
  5 ice beasts
  6 black bears
  4 ogres
  An eye of draining (D:12)
  6 centaurs
  A lemure (D:4)
  4 phantoms
  5 bullfrogs
  Blork the orc (D:4)
  A scorpion (D:5)
  6 killer bees (D:9)
  10 wights
  2 electric eels (D:10)
  4 howler monkeys
  A bullfrog zombie (D:12)
  3 centaur skeletons
  4 hounds
  7 orc priests
  Crazy Yiuf (D:2)
  7 iguanas
  2 jellies
  A bullfrog skeleton (D:9)
  15 orc wizards
  Natasha (twice) (D:2)
  13 worker ants
  A hound zombie (D:5)
  3 hound skeletons
  Robin (D:2)
  6 gnolls
  10 adders
  A shadow imp (D:9)
  6 white imps
  2 oozes (D:5)
  An adder zombie (D:8)
  2 adder skeletons
  5 worms
  2 dart slugs
  7 leopard geckos
  46 orcs
  2 ball pythons
  4 giant cockroaches
  12 goblins
  12 hobgoblins
  20 jackals
  4 quokkas
  8 bats
  4 frilled lizards
  7 kobolds
  A leopard gecko skeleton (D:4)
  A quokka zombie (D:9)
  9 rats
367 creatures vanquished.

Vanquished Creatures (collateral kills)
  A boulder beetle (D:12)
1 creature vanquished.

Vanquished Creatures (others)
  2 orcs
2 creatures vanquished.

Grand Total: 370 creatures vanquished

Notes
Turn   | Place    | Note
-------+----------+-------------------------------------------
     0 | D:1      | KristoblXynda the Draconian Gladiator began the quest for
                  | the Orb.
     0 | D:1      | Reached XP level 1. HP: 17/17 MP: 1/1
   163 | D:1      | Reached XP level 2. HP: 25/25 MP: 2/2
   711 | D:1      | Reached XP level 3. HP: 20/30 MP: 3/3
  1343 | D:2      | Noticed Robin
  1364 | D:2      | Killed Robin
  1365 | D:2      | Reached skill level 4 in Long Blades
  1365 | D:2      | Reached XP level 4. HP: 23/38 MP: 4/4
  1768 | D:2      | Found a runed translucent door.
  1769 | D:2      | Noticed Crazy Yiuf
  1970 | D:2      | Noticed Natasha
  1987 | D:2      | Killed Natasha
  2446 | D:2      | Noticed Natasha
  2454 | D:2      | Killed Natasha
  2455 | D:2      | Reached XP level 5. HP: 35/45 MP: 5/5
  2602 | D:2      | Killed Crazy Yiuf
  3099 | D:3      | Reached skill level 5 in Long Blades
  3207 | D:3      | Found a snail-covered altar of Cheibriados.
  3209 | D:3      | Found a shimmering altar of Xom.
  3209 | D:3      | Found a shimmering blue altar of Sif Muna.
  3211 | D:3      | Found a shimmering altar of Xom.
  3211 | D:3      | Found an opulent altar of Gozag.
  3211 | D:3      | Found a sparkling altar of Nemelex Xobeh.
  3514 | D:4      | Noticed Blork the orc
  3518 | D:4      | Reached XP level 6. HP: 52/52 MP: 6/6
  3528 | D:4      | Killed Blork the orc
  3944 | D:4      | Noticed Pikel
  3976 | D:4      | Killed Pikel
  3977 | D:4      | Reached skill level 5 in Fighting
  3977 | D:4      | Reached skill level 7 in Long Blades
  3977 | D:4      | Your scales start taking on a fiery red colour.
  3977 | D:4      | Reached XP level 7. HP: 38/61 MP: 7/7
  3977 | D:4      | Gained mutation: Your flesh is heat resistant. (rF+) [Red
                  | Draconian growth]
  4000 | D:4      | Reached skill level 5 in Dodging
  4186 | D:4      | Reached XP level 8. HP: 69/69 MP: 8/8
  4641 | D:5      | Entered Level 5 of the Dungeon
  5409 | D:5      | Reached skill level 8 in Long Blades
  5826 | D:5      | Found a blossoming altar of Fedhas.
  6427 | D:6      | Reached XP level 9. HP: 78/78 MP: 9/9
  6547 | D:6      | Reached skill level 9 in Long Blades
  6924 | D:7      | Found a radiant altar of Vehumet.
  6955 | D:7      | Found a staircase to the Ecumenical Temple.
  6971 | Temple   | Entered the Ecumenical Temple
  6980 | Temple   | Became a worshipper of Ashenzari the Shackled
  7065 | D:7      | Learned a level 2 spell: Wereblood
  7075 | D:7      | Found a transporter.
  7076 | D:7      | Found a transporter.
  7076 | D:7      | Noticed a queen bee
  7076 | D:7      | Noticed anet's ghost (amateur GnDe)
  7892 | D:7      | Found Cheibriados's Comfort Zone.
  7892 | D:7      | Found a snail-covered altar of Cheibriados.
  8355 | D:8      | Found the +10 dark maul {vorpal}
  8399 | D:8      | Reached skill level 10 in Long Blades
  8634 | D:8      | Reached * piety under Ashenzari
  8806 | D:9      | Reached skill level 1 in Evocations
  9540 | D:9      | Noticed a troll
  9554 | D:9      | Killed a troll
  9555 | D:9      | Reached XP level 10. HP: 73/88 MP: 10/10
  9638 | D:9      | Noticed a gargoyle
  9661 | D:9      | Killed a gargoyle
 10035 | D:9      | Noticed Joseph
 10056 | D:9      | Killed Joseph
 10546 | D:10     | Entered Level 10 of the Dungeon
 10671 | D:10     | Found a staircase to the Lair.
 11116 | D:10     | Found Gaipal's Distillery.
 11121 | D:10     | Bought a potion of heal wounds for 75 gold pieces
 11436 | D:10     | Noticed a deep troll
 11445 | D:10     | Killed a deep troll
 11446 | D:10     | Reached skill level 11 in Long Blades
 11500 | D:10     | Reached skill level 5 in Evocations
 11810 | D:10     | Noticed a deep troll
 11810 | D:10     | Noticed a deep troll
 11814 | D:10     | Killed a deep troll
 11815 | D:10     | Reached XP level 11. HP: 89/97 MP: 11/11
 11822 | D:10     | Killed a deep troll
 12510 | D:11     | Reached skill level 10 in Fighting
 12584 | D:11     | Noticed a red ugly thing
 12608 | D:11     | Killed a red ugly thing
 13578 | D:11     | Reached skill level 1 in Transmutations
 14372 | D:11     | Found a staircase to the Orcish Mines.
 14460 | D:11     | Noticed a purple ugly thing
 14465 | D:11     | Killed a purple ugly thing
 14937 | D:12     | Noticed a deep elf pyromancer
 14941 | D:12     | Killed a deep elf pyromancer
 15167 | D:12     | Found Zowumn's Gadget Boutique.
 15171 | D:12     | Found Suschot's Antique Weapon Emporium.
 15180 | D:12     | Noticed Psyche
 15190 | D:12     | Killed Psyche
 15191 | D:12     | Reached skill level 12 in Long Blades
 15515 | D:12     | Reached XP level 12. HP: 40/105 MP: 12/12
 15994 | D:12     | Noticed a boulder beetle
 16006 | D:12     | Killed a boulder beetle
 16088 | D:12     | Found Nadwea's Jewellery Shoppe.
 16098 | D:12     | Bought a cursed ring of attention for 67 gold pieces
 16098 | D:12     | Bought a cursed amulet of inaccuracy for 30 gold pieces
 16694 | D:13     | Noticed Rupert
 16701 | D:13     | Paralysed by Rupert for 3 turns
 16702 | D:13     | Noticed a centaur warrior
 16845 | D:13     | Found a gate to the Vaults.
 16845 | D:13     | Noticed a centaur warrior
 16845 | D:13     | Noticed a two-headed ogre
 16846 | D:13     | Noticed a centaur warrior
 17088 | D:12     | Killed a centaur warrior
 17097 | D:12     | Reached skill level 10 in Dodging
 17316 | D:12     | Reached skill level 5 in Transmutations
 17327 | D:12     | Killed a two-headed ogre
 17803 | D:12     | Slain by a white ugly thing

Illustrated notes

Levels and vault maps discovered:
D:1:      lightli_arrival_isolated_outpost, layout_basic
D:2:      layout_loops_ring, uniq_crazy_yiuf_cottage, uniq_robin, uniq_natasha
D:3:      layout_rooms, doesnt_xom_only_xom
D:4:      layout_basic, uniq_blork_the_orc, uniq_pikel
D:5:      minmay_spotlight, layout_cave_pools, solitary_fountain,
          fedhas_ov_isle_minmay
D:6:      layout_basic
D:7:      layout_loops_ring, fiery_altar_vehumet, temple_fountains,
          gammafunk_ghost_hive, minmay_shop_chei
D:8:      layout_rooms
D:9:      minmay_recursive_quarters, layout_loops_ring, uniq_joseph
D:10:     lemuel_troll_bridge, layout_rooms, erik_lair_orcish_takeover,
          serial_shops, kennysheep_little_box
D:11:     layout_basic, david_orc_1_choice
D:12:     layout_basic, serial_shops, nicolae_shop_trees, shop, shop,
          uniq_psyche
D:13:     layout_gridville, david_vaults_3, nicolae_sextant
Temple:   grunt_wide_crystal_templ

Skill      XL: |  1  2  3  4  5  6  7  8  9 10 11 12 |
---------------+-------------------------------------+-----
Throwing       | 2 |  2.0
Dodging        | 3 4 5 6 7 8 9 10 | 10.2
Fighting       | 3 5 6 8 9 10 | 10.2
Long Blades    | 4 5 7 8 10 11 12 | 12.7
Evocations     | 2 5 7 8 |  8.4
Transmutations | 3 5 |  5.4

Action                   |  1- 3 |  4- 6 |  7- 9 | 10-12 || total
-------------------------+-------+-------+-------+-------++-------
Melee: Long sword        |   113 |    84 |   464 |   472 ||  1133
       Tailslap          |     9 |    40 |   105 |   130 ||   284
       Dagger            |       |   130 |    14 |       ||   144
       Scimitar          |       |       |       |   158 ||   158
Invok: Curse Item        |       |       |     1 |       ||     1
 Abil: Breathe Fire      |       |       |     6 |    21 ||    27
Evoke: Wand              |       |       |       |     7 ||     7
       Box of beasts     |       |       |       |     1 ||     1
  Use: Scroll            |       |       |     9 |    16 ||    25
       Potion            |       |       |       |     7 ||     7
 Stab: Sleeping          |     1 |     1 |     4 |     5 ||    11
       Distracted        |       |       |       |     1 ||     1
Armor: Skin              |    40 |    36 |    80 |    98 ||   254
Dodge: Dodged            |   121 |   190 |   421 |   557 ||  1289
Block: Other             |       |       |    25 |   125 ||   150
       Reflection        |       |       |       |     9 ||     9
       Rpst.: Long sword |    39 |    45 |   111 |    93 ||   288
       Scimitar          |       |       |       |    47 ||    47

Table legend: (Time is in decaauts)
 A = Elapsed time spent in this place.
 B = Non-inter-level travel time spent in this place.
 C = Inter-level travel time spent in this place.
 D = Time resting spent in this place.
 E = Time spent auto-exploring this place.
 F = Levels seen in this place.
 G = Mean time per level.
                   A        B        C        D        E       F      G
               +--------+--------+--------+--------+--------+-----+--------+
         Total |  17691 |  17082 |    609 |   6232 |   7887 |  14 | 1263.6 |
       Dungeon |  17601 |  17001 |    600 |   6232 |   7818 |  13 | 1353.9 |
        Temple |     89 |     80 |      9 |      0 |     69 |   1 |   89.0 |
               +--------+--------+--------+--------+--------+-----+--------+

Top non-repeatable levels by time:
    D:12: 2780 daAuts
    D:11: 2423 daAuts
     D:2: 1977 daAuts
    D:10: 1915 daAuts
     D:9: 1753 daAuts
     D:5: 1382 daAuts
     D:7: 1186 daAuts
     D:4: 1155 daAuts
     D:1: 936 daAuts
     D:6: 820 daAuts
     D:3: 659 daAuts
     D:8: 565 daAuts
  Temple: 89 daAuts
    D:13: 45 daAuts
